 Dungeon Crawl Stone Soup version 0.29.1-12-g30fa7ad0bf (webtiles) character file.

Game seed: 12748809381604596237

5292 ngpp the Cleaver (level 10, -12/90 HPs)
             Began as a Minotaur Fighter on Jan 17, 2023.
             Was a Priest of the Shining One.
             Killed from afar by an electric eel (13 damage)
             ... with a bolt of electricity
             ... on level 9 of the Dungeon on Jan 18, 2023.
             The game lasted 02:06:31 (8714 turns).

ngpp the Cleaver (Minotaur Fighter)                 Turns: 8714, Time: 02:06:32

Health: -12/90     AC: 17    Str: 31    XL:     10   Next: 37%
Magic:  0/9        EV:  8    Int:  7    God:    the Shining One [***...]
Gold:   665        SH: 12    Dex: 15    Spells: 9/9 levels left

rFire   + + .      SeeInvis +   K - +2 war axe (freeze)
rCold   . . .      Faith    .   c - +0 buckler
rNeg    + . .      Spirit   +   H - +1 chain mail of Instinct {rF+ Dex+3 Slay+4 SInv}
rPois   .          Reflect  .   (helmet restricted)
rElec   .          Harm     .   (no cloak)
rCorr   .          Rampage  .   (no gloves)
Will    .....                   n - +0 pair of boots
Stlth   ..........              i - amulet of guardian spirit
HPRegen 0.25/turn               y - ring of the Heron {rF+ AC+4 Str+4}
MPRegen 0.11/turn               z - +6 ring of strength

@: divinely shielded, glowing
A: horns 2, retaliatory headbutt
a: Renounce Religion, Divine Shield, Cleansing Flame


You were on level 9 of the Dungeon.
You worshipped the Shining One.
The Shining One was most pleased with you.
You visited 2 branches of the dungeon, and saw 10 of its levels.

You collected 665 gold pieces.

Inventory:

Hand Weapons
 F - a +3 war axe
 J - a +0 shortbow
 K - a +2 war axe of freezing (weapon)
Missiles
 h - 4 datura-tipped darts
 q - 24 poisoned darts (quivered)
 G - 2 throwing nets
Armour
 c - a +0 buckler (worn)
 j - a +0 plate armour
 n - a +0 pair of boots (worn)
 w - an orb of light
 H - the +1 chain mail of Instinct (worn) {rF+ Dex+3 Slay+4 SInv}
   (You found it on level 8 of the Dungeon)

   Dex:       It affects your dexterity (+3).
   Slay:      It affects your accuracy & damage with ranged weapons and melee
   (+4).
   rF:        It protects you from fire.
   SInv:      It lets you see invisible.
Magical Staves
 x - a staff of earth
Jewellery
 d - an amulet of the acrobat
 i - an amulet of guardian spirit (around neck)
 y - the ring of the Heron (left hand) {rF+ AC+4 Str+4}
   (You found it on level 5 of the Dungeon)

   [ring of protection]

   AC:        It affects your AC (+4).
   Str:       It affects your strength (+4).
   rF:        It protects you from fire.
 z - a +6 ring of strength (right hand)
Wands
 a - a wand of flame (29)
 v - a wand of charming (2)
 E - a wand of roots (7)
Scrolls
 e - 5 scrolls of teleportation
 g - 3 scrolls of fear
 k - 6 scrolls of identify
 o - 4 scrolls of blinking
 r - 2 scrolls of magic mapping {unknown}
 s - a scroll of acquirement {unknown}
 t - a scroll of noise {unknown}
 u - 3 scrolls of butterflies {unknown}
 B - a scroll of brand weapon {unknown}
 C - a scroll of poison {unknown}
 D - a scroll of enchant armour {unknown}
 L - a scroll of silence {unknown}
 M - a scroll of amnesia {unknown}
 O - a scroll of immolation {unknown}
Potions
 b - 4 potions of attraction
 f - a potion of might
 l - 3 potions of curing {unknown}
 m - 3 potions of lignification {unknown}
 p - a potion of berserk rage {unknown}
 A - a potion of haste {unknown}
 I - a potion of brilliance {unknown}
 N - 2 potions of mutation {unknown}


   Skills:
 + Level 8.5 Fighting
 * Level 9.4 Axes
 + Level 8.9 Armour
 + Level 8.6 Shields
 + Level 6.6 Evocations


You had 9 spell levels left.
You didn't know any spells.
Your spell library contained the following spells:

 Spells                   Type           Power      Damage    Failure   Level
 Foxfire                  Conj/Fire      0%         2x1d4     92%         1
 Sublimation of Blood     Necr           0%         N/A       98%         2
 Conjure Flame            Conj/Fire      0%         6-21      100%        3
 Gell's Gravitas          Tloc           0%         N/A       100%        3
 Inner Flame              Hex/Fire       0%         N/A       100%        3
 Lesser Beckoning         Tloc           0%         N/A       100%        3
 Teleport Other           Tloc           0%         N/A       100%        3
 Flame Wave               Conj/Fire      0%         2d4       100%        4
 Petrify                  Tmut/Erth      0%         N/A       100%        4
 Irradiate                Conj/Tmut      0%         3d11      100%        5
 Dispersal                Tloc           0%         N/A       100%        6
 Chain Lightning          Conj/Air       0%         N/A       100%        9
 Fire Storm               Conj/Fire      0%         5d1       100%        9
 Shatter                  Erth           0%         3d5*      100%        9


Dungeon Overview and Level Annotations

Branches:
Dungeon (9/15)             Temple (1/1) D:6
   Lair: D:8-11         Orc: D:9-12

Altars:
Ashenzari
Cheibriados
Dithmenos
Elyvilon
Fedhas
Gozag
Hepliaklqana
Kikubaaqudgha
Makhleb
Nemelex Xobeh
Okawaru
Qazlal
Ru
Sif Muna
Trog
Uskayaw
Vehumet
Wu Jian
Xom
Yredelemnul
Zin
The Shining One

Shops:
D:3 *   D:5 ?(   D:8 [


Innate Abilities, Weirdness & Mutations

You have a pair of horns on your head.
You reflexively headbutt those who attack you in melee.


Message History

An electric eel comes into view.
There is an open door here.
The electric eel shoots out a bolt of lightning at you!
The bolt of electricity hits you!
The electric eel shoots out a bolt of lightning at you!
The bolt of electricity hits you.
Found a bubbling golden potion.
You barely miss the electric eel.
The electric eel shoots out a bolt of lightning at you!
The bolt of electricity hits you! x2
The electric eel shoots out a bolt of lightning at you!
The bolt of electricity hits the electric eel.
The electric eel completely resists.
The bolt of electricity hits you!
Okay, then.
Your shield is strengthened by the Shining One's divine power.
The electric eel shoots out a bolt of lightning at you!
The bolt of electricity hits you. The bolt of electricity hits you!
You hit the electric eel. You freeze the electric eel.
The electric eel is lightly wounded.
The electric eel shoots out a bolt of lightning at you!
The bolt of electricity hits you!
* * * LOW HITPOINT WARNING * * *
Aiming: Charm
Press: ? - help, Q - select action, (/) - cycle Shift-Dir - straight line, f - electric eel
Aim: an electric eel (water, haloed, chance to affect: 73%)
The electric eel is charmed.
The electric eel shoots out a bolt of lightning at you!
The bolt of electricity hits you!
* * * LOW HITPOINT WARNING * * *
The bolt of electricity hits you!
* * * LOW HITPOINT WARNING * * *
The bolt of electricity hits the electric eel.
The electric eel completely resists.
The bolt of electricity hits the electric eel.
The electric eel completely resists.
You hit the electric eel. You freeze the electric eel.
The electric eel is severely wounded.
The electric eel shoots out a bolt of lightning at you!
The bolt of electricity hits you!
You die...

#...#######≈#...
#.### ≈#...#≈
####†## ##.≈#.#≈#≈
#.....## ##...≈#.#≈#
#.##...####...≈#...#
# #.......'..≈#...#
##...####.≈#...#
#..## ##.S..#≈ #.##
#..@S#≈.# ###
#.##.≈.## !.. #+##
####


You could see an electric eel (ally target) and a friendly electric eel
(charmed).

Vanquished Creatures
  A troll (D:9)
  A hornet (D:9)
  A wraith (D:9)
  A shadow (D:9)
  3 yaks (D:9)
  A steam dragon (D:8)
  Duvessa (D:7)
  An acid dragon (D:9)
  A water moccasin (D:5)
  3 orc warriors
  An ice beast (D:5)
  2 black bears
  2 ogres
  A centaur (D:8)
  A phantom (D:5)
  A kobold brigand (D:9)
  4 bullfrogs
  Blork the orc (D:6)
  2 gnoll sergeants
  A scorpion (D:5)
  5 necrophages
  13 wights
  Dowan (D:7)
  6 killer bees (D:9)
  A crimson imp (D:7)
  3 jellies
  2 hounds (D:6)
  2 orc priests (D:8)
  A gnoll bouda (D:8)
  Jessica (D:3)
  5 iguanas
  5 orc wizards
  6 adders
  15 gnolls
  3 white imps
  2 ufetubi
  A worm (D:2)
  A dart slug (D:1)
  20 orcs
  10 bats
  6 endoplasms
  2 giant cockroaches
  6 goblins
  5 hobgoblins
  18 kobolds
  2 quokkas
  8 ball pythons
  A frilled lizard (D:1)
  4 rats
185 creatures vanquished.

Vanquished Creatures (collateral kills)
  A kobold brigand (D:8)
  A necrophage (D:5)
  3 gnolls (D:4)
  An endoplasm (D:4)
  2 kobolds (D:8)
8 creatures vanquished.

Vanquished Creatures (others)
  A troll (D:8)
  A howler monkey (D:5)
  An orc (D:7)
  6 plants (D:8)
9 creatures vanquished.

Grand Total: 202 creatures vanquished

Notes
Turn   | Place    | Note
-------+----------+-------------------------------------------
     0 | D:1      | ngpp the Minotaur Fighter began the quest for the Orb.
     0 | D:1      | Reached XP level 1. HP: 19/19 MP: 0/0
   440 | D:1      | Reached XP level 2. HP: 22/27 MP: 1/1
   614 | D:1      | Found a faded altar of an unknown god.
   965 | D:1      | Reached skill level 3 in Axes
  1376 | D:2      | Reached XP level 3. HP: 30/33 MP: 2/2
  1600 | D:2      | Reached XP level 4. HP: 32/41 MP: 3/3
  1895 | D:2      | Found a glowing golden altar of the Shining One.
  1908 | D:2      | Became a worshipper of the Shining One
  2526 | D:3      | Noticed Jessica
  2535 | D:3      | Killed Jessica
  2626 | D:3      | Reached XP level 5. HP: 44/47 MP: 4/4
  2894 | D:3      | Reached skill level 5 in Armour
  3152 | D:3      | Found Mischom's Assorted Antiques.
  3597 | D:4      | Reached skill level 4 in Axes
  3714 | D:4      | Identified the +6 spear of Fuis Pai {flame, Drain Dex+4
                  | Stlth+}
  3893 | D:4      | Reached XP level 6. HP: 55/55 MP: 5/5
  3977 | D:5      | Entered Level 5 of the Dungeon
  4101 | D:5      | Noticed an ice beast
  4117 | D:5      | Reached skill level 5 in Fighting
  4154 | D:5      | Reached skill level 5 in Shields
  4154 | D:5      | Reached skill level 1 in Evocations
  4251 | D:5      | Noticed a +0 hand axe
  4252 | D:5      | Noticed a +0 hand axe
  4254 | D:5      | Found a hide-covered altar of Uskayaw.
  4435 | D:5      | Identified the ring of the Heron {rF+ AC+4 Str+4}
  4445 | D:5      | Reached XP level 7. HP: 61/61 MP: 6/6
  4538 | D:5      | Found Kotzurow's Weapon Emporium.
  4576 | D:5      | Reached * piety under the Shining One
  4617 | D:5      | Reached skill level 5 in Axes
  4940 | D:5      | Found Gocivioh's Magic Scroll Emporium.
  5136 | D:6      | Reached XP level 8. HP: 70/70 MP: 7/7
  5377 | D:6      | Found a staircase to the Ecumenical Temple.
  5404 | Temple   | Entered the Ecumenical Temple
  5658 | D:6      | Found an ancient bone altar of Kikubaaqudgha.
  5682 | D:6      | Noticed Blork the orc
  5689 | D:6      | Killed Blork the orc
  5710 | D:6      | Reached skill level 6 in Axes
  6177 | D:7      | Reached skill level 5 in Evocations
  6391 | D:7      | Reached ** piety under the Shining One
  6397 | D:7      | Reached XP level 9. HP: 73/77 MP: 8/8
  6559 | D:7      | Noticed Duvessa
  6560 | D:7      | Noticed Dowan
  6569 | D:7      | Killed Duvessa
  6607 | D:7      | Killed Dowan
  6735 | D:7      | Identified the +1 dagger of the Lair of Beasts {spect,
                  | Str+4 Int+4}
  7008 | D:8      | Reached skill level 7 in Axes
  7015 | D:8      | Identified the +1 chain mail of Instinct {rF+ Dex+3 Slay+4
                  | SInv}
  7100 | D:8      | Noticed a troll
  7391 | D:8      | Found Ritiypp's Antique Armour Shoppe.
  7469 | D:8      | Reached skill level 8 in Axes
  7823 | D:9      | Noticed a troll
  7827 | D:9      | Killed a troll
  7848 | D:9      | Reached *** piety under the Shining One
  7873 | D:9      | Reached XP level 10. HP: 52/88 MP: 6/9
  8162 | D:9      | Found a stormy altar of Qazlal.
  8343 | D:9      | Reached skill level 9 in Axes
  8713 | D:9      | HP: 1/90 [electric eel/bolt of electricity (11)]
  8714 | D:9      | Killed from afar by an electric eel

Illustrated notes

Levels and vault maps discovered:
D:1:      psy_arrival_radial01, layout_basic, basic_ecumenical_altar,
          minmay_misc_feat_columns
D:2:      layout_loops_ring, basic_altar
D:3:      layout_basic, serial_shops, nicolae_lakefront_shop,
          minmay_misc_feat_x, kennysheep_generic_room_6, uniq_jessica
D:4:      layout_basic, kennysheep_generic_room_4
D:5:      layout_basic, dancing_weapons_uskayaw, serial_shops,
          nicolae_shop_bloodbath_and_beyond, nicolae_shop_hallway_stairs
D:6:      layout_cave_pools, kennysheep_mini_moat,
          minmay_temple_entry_sparse_star, uniq_blork_the_orc
D:7:      layout_loops_corners, minmay_fire_ice_demons, uniq_duvessa
D:8:      layout_cave_pools, serial_shops, nicolae_shop_overgrown_old_shop
D:9:      layout_loops_corners, mainiacjoe_overflow_brackets,
          serial_co_window_serial, co_window_corner_a, co_window_paths_b,
          co_window_corner_a, co_window_corner_a, co_window_paths_b,
          co_window_of_opportunity_c, co_window_broadway_b, co_window_corner_b,
          co_window_cross_3, co_window_corner_b, co_window_cross_4,
          glass_columns_a, glass_columns_c, nicolae_water_bricks, st_stairs_2,
          chequers_serial_rivers_small_b, grunt_ministairs_2
Temple:   nicolae_temple_bog_church

Skill      XL: |  1  2  3  4  5  6  7  8  9 10 |
---------------+-------------------------------+-----
Axes           | 3 4 5 6 8 9 |  9.4
Fighting       | 4 5 6 8 |  8.5
Armour         | 4 5 6 7 8 |  8.9
Shields        | 4 5 6 7 8 |  8.6
Evocations     | 2 3 5 6 |  6.6

Action                   |  1- 3 |  4- 6 |  7- 9 | 10-12 || total
-------------------------+-------+-------+-------+-------++-------
Melee: War axe           |    50 |   127 |   175 |    50 ||   402
       Headbutt          |     8 |    15 |    47 |     9 ||    79
Throw: Dart              |     3 |     1 |     4 |     1 ||     9
       Stone             |     4 |       |       |       ||     4
Invok: Divine Shield     |       |       |       |     1 ||     1
Evoke: Wand              |       |     2 |     7 |     1 ||    10
  Use: Potion            |     2 |     1 |       |       ||     3
       Scroll            |       |     2 |     3 |       ||     5
Armor: Scale mail        |    42 |     6 |       |       ||    48
       Plate armour      |       |   108 |    79 |       ||   187
       Chain mail        |       |       |    25 |    19 ||    44
Dodge: Dodged            |    48 |    32 |    60 |    21 ||   161
Block: Buckler           |    18 |    43 |    55 |    18 ||   134
